 Dungeon Crawl Stone Soup version 0.32-a0-705-g60f233581c (webtiles) character file.

Game seed: 1561567503143992844

1491 Malificent the Ruffian (level 8, -2/62 HPs)
             Began as a Yellow Draconian Shapeshifter on Mar 14, 2024.
             Was an Initiate of Vehumet.
             Slain by a large slime creature (30 damage)
             ... on level 6 of the Dungeon.
             The game lasted 00:20:33 (5950 turns).

Malificent the Ruffian (DrSh)                       Turns: 5950, Time: 00:20:33

Health: -2/62      AC:  6    Str: 17    XL:     8   Next: 51%
Magic:  10/10      EV: 12    Int: 11    God:    Vehumet [......]
Gold:   263        SH:  0    Dex: 14    Spells: 9/9 levels left

rFire   . .          .
                       - Unarmed
rCold   . . .        (no shield)
rNeg    . . .        (body armour unavailable)
rPois   .            (helmet currently unavailable)
rElec   .            (cloak currently unavailable)
rCorr   +            (gloves currently unavailable)
SInv    .            (boots currently unavailable)
Will    .....        y - amulet of the acrobat
Stlth   +++          (no ring)
HPRegen 0.30/turn    (no ring)
MPRegen 0.12/turn

%: acrobat
@: beast-form
A: beast (slay +3), caustic breath, AC +6, unfitting armour, cold-blooded, acid
resistance, stinger 1, camouflage 1, agile 1, MP-powered wands
a: Caustic Breath, Begin Untransformation, Renounce Religion


You were on level 6 of the Dungeon.
You worshipped Vehumet.
Vehumet was noncommittal.
You were a hulking beast.
You visited 2 branches of the dungeon, and saw 7 of its levels.
You also visited: Sewer.

You collected 263 gold pieces.

Inventory:

Missiles
 e - 23 poisoned darts (quivered)
 z - 2 curare-tipped darts
Armour
 d - a +0 hat
 f - a scarf of invisibility
 m - a +0 pair of gloves
Jewellery
 g - a ring of ice
 y - an amulet of the acrobat (around neck)
Talismans
 b - a beast talisman (active)
 c - a flux talisman
 u - a dragon-blood talisman
Wands
 o - a wand of charming (3)
Scrolls
 h - 2 scrolls of immolation
 i - 3 scrolls of teleportation
 k - 2 scrolls of amnesia
 n - a scroll of enchant weapon
 s - a scroll of fog
 x - a scroll of identify
Potions
 a - a potion of lignification
 j - a potion of invisibility
 l - a potion of haste
 p - a potion of cancellation {unknown}
 q - a potion of magic {unknown}
 r - 2 potions of curing
 t - a potion of enlightenment {unknown}
 v - a potion of degeneration {unknown}
 w - a potion of berserk rage {unknown}


   Skills:
 + Level 2.6 Fighting
 + Level 0.1 Throwing
 + Level 3.1 Dodging
 + Level 2.8 Stealth
 + Level 7.2 Unarmed Combat
 * Level 1.4 Spellcasting
 * Level 2.9 Evocations
 * Level 5.9 Shapeshifting


You had 9 spell levels left.
You didn't know any spells.
Your spell library contained the following spells:

 Spells                   Type           Power      Damage    Failure   Level
 Kiss of Death            Conj/Necr      0%         2d5       30%         1
 Call Canine Familiar     Summ           0%         N/A       67%         3
 Confusing Touch          Hex            0%         N/A       67%         3
 Sigil of Binding         Hex            0%         N/A       67%         3
 Dimensional Bullseye     Hex/Tloc       0%         N/A       97%         4
 Dispel Undead            Necr           0%         3d6       97%         4
 Passage of Golubria      Tloc           0%         N/A       97%         4
 Silence                  Hex/Air        0%         N/A       100%        5
 Lehudib's Crystal Spear  Conj/Erth      0%         10d2      100%        8


Dungeon Overview and Level Annotations

Branches:
Dungeon (6/15)             Temple (1/1) D:5           Sewer (visited)

Altars:
Ashenzari
Cheibriados
Elyvilon
Fedhas
Gozag
Hepliaklqana
Nemelex Xobeh
Ru
Trog
Uskayaw
Vehumet
Xom
Zin

Shops:
D:1 !   D:3 :

Annotations:
Temple 2 transporters


Innate Abilities, Weirdness & Mutations

You are a hulking beast.
Your limbs bulge with bestial killing power. (Slay +3)
You can breathe corrosive fumes.
Your golden yellow scales are hard. (AC +6)
You cannot fit into any form of body armour.
You are cold-blooded and may be slowed by cold attacks.
You are resistant to acid. (rCorr)
Your tail ends in a venomous barb.
Your skin changes colour to match your surroundings (Stealth+).
You are agile. (Dex +4, Str/Int -1)
You expend magic power (3 MP) to strengthen your wands.


Message History

An endoplasm, 3 jellies and 2 slime creatures come into view.
Found three goblin skeletons and a human skeleton.
The endoplasm quivers.
The slime creature quivers.
The jelly quivers.
The jelly quivers.
The endoplasm quivers.
The slime creature quivers.
You punch the slime creature! You punch the slime creature.
The slime creature is moderately wounded.
The slime creature barely misses you.
You hit the slime creature. You tail-slap the slime creature.
The slime creature is moderately wounded.
Two slime creatures merge to form a large slime creature.
The large slime creature misses you.
You completely miss the jelly. The jelly hits you but does no damage.
You punch the jelly!
Your hands burn!
The jelly is moderately wounded.
The jelly hits you but does no damage.
You punch the jelly!
You kill the jelly!
Vehumet accepts your kill.
You punch the endoplasm!
You kill the endoplasm!
Vehumet accepts your kill.
You punch the slime creature!
The slime creature is moderately wounded.
Two slime creatures merge to form a large slime creature.
You completely miss the large slime creature.
The large slime creature is lightly wounded.
You hit the large slime creature. You punch the large slime creature!
The large slime creature is moderately wounded.
You hit the large slime creature. You tail-slap the large slime creature.
The large slime creature is poisoned.
The large slime creature is moderately wounded.
The large slime creature hits you.
You punch the large slime creature!
The large slime creature is heavily wounded.
The large slime creature hits you!!
You hit the large slime creature. You punch the large slime creature.
The large slime creature is heavily wounded.
The large slime creature hits you!!
You die...

#.....# ##########
#....># ÷........#
#.....# ..÷....P.#
#.....# ÷......÷.#
#.....# ....JJ...#
#....(# .......J.#
####.## .÷...J.J.#####
#<.#
#######J###..########
#####.#####.)...h##
##....)...###
........##.########
########....
####..#####..'...÷#
#..|. # #.## ####....#
##... ####.# #.......#
##... ##...# #.......#
###.... ##.###
#.......# ##...... #..#
#.......########..#####
.#.#
##.....###...##..##


You could see a large slime creature (poisoned), a jelly and an endoplasm.

Vanquished Creatures
  An ogre (D:6)
  5 kobold brigands
  2 brain worms (Sewer)
  2 scorpions
  A bombardier beetle (D:3)
  4 jellies
  A sleepcap (D:5)
  Jessica (D:2)
  Natasha (thrice) (D:4)
  3 iguanas
  Ijyb (D:4)
  2 orc wizards
  3 gnolls (D:2)
  3 river rats
  9 adders
  A white imp (D:4)
  2 ufetubi (D:6)
  6 dart slugs
  2 ribbon worms
  6 orcs
  3 bats
  10 endoplasms
  3 giant cockroaches
  5 hobgoblins
  7 jackals
  3 quokkas
  6 ball pythons
  10 frilled lizards
  8 goblins
  8 kobolds
  10 rats
131 creatures vanquished.

Vanquished Creatures (collateral kills)
  An ice beast (D:4)
  An orc wizard (D:5)
  An orc (D:5)
3 creatures vanquished.

Vanquished Creatures (others)
  A scorpion (D:5)
  A kobold (D:6)
2 creatures vanquished.

Grand Total: 136 creatures vanquished

Notes
Turn   | Place    | Note
-------+----------+-------------------------------------------
     0 | D:1      | Malificent the Draconian Shapeshifter began the quest for
                  | the Orb.
     0 | D:1      | Reached XP level 1. HP: 16/16 MP: 1/1
   216 | D:1      | Reached XP level 2. HP: 19/23 MP: 2/2
   244 | D:1      | Found Etra's Distillery.
   766 | D:2      | Reached XP level 3. HP: 28/28 MP: 3/3
   884 | D:2      | HP: 1/28 [gnoll/+0 halberd (11)]
   928 | D:2      | Reached XP level 4. HP: 35/35 MP: 4/4
   930 | D:2      | Found a faded altar of an unknown god.
  1171 | D:2      | Reached skill level 4 in Unarmed Combat
  1257 | D:2      | Noticed Jessica
  1261 | D:2      | Killed Jessica
  1902 | D:3      | Reached XP level 5. HP: 33/40 MP: 5/5
  2016 | D:3      | Found Onofuz's Vocational Training.
  2464 | D:3      | Reached skill level 1 in Stealth
  2733 | D:4      | Found a glowing drain.
  2861 | Sewer    | Entered a sewer
  2894 | Sewer    | Reached skill level 5 in Unarmed Combat
  2894 | Sewer    | Reached XP level 6. HP: 30/47 MP: 6/6
  3281 | Sewer    | Reached skill level 5 in Shapeshifting
  3392 | Sewer    | Your scales start taking on a golden yellow colour.
  3392 | Sewer    | Reached XP level 7. HP: 32/53 MP: 5/7
  3392 | Sewer    | Gained mutation: You are resistant to acid. (rCorr) [Yellow
                  | Draconian growth]
  3732 | Sewer    | Gained mutation: You are dopey. (Int -2) [potion of
                  | mutation]
  3732 | Sewer    | Gained mutation: Your tail ends in a venomous barb. [potion
                  | of mutation]
  3732 | Sewer    | Gained mutation: You expend magic power (3 MP) to
                  | strengthen your wands. [potion of mutation]
  3732 | Sewer    | Gained mutation: You have a pair of small antennae on your
                  | head. [potion of mutation]
  3733 | Sewer    | Lost mutation: You have a pair of small antennae on your
                  | head. [potion of mutation]
  3733 | Sewer    | Lost mutation: You are dopey. (Int -2) [potion of mutation]
  3733 | Sewer    | Gained mutation: Your skin changes colour to match your
                  | surroundings (Stealth+). [potion of mutation]
  3733 | Sewer    | Gained mutation: You are agile. (Dex +4, Str/Int -1)
                  | [potion of mutation]
  3794 | D:4      | Noticed Natasha
  3804 | D:4      | Killed Natasha
  3884 | D:4      | Reached skill level 6 in Unarmed Combat
  3963 | D:4      | Noticed Ijyb
  3975 | D:4      | Killed Ijyb
  3976 | D:4      | Reached skill level 1 in Evocations
  3981 | D:4      | Noticed Natasha
  3989 | D:4      | Killed Natasha
  4086 | D:4      | Noticed Natasha
  4092 | D:4      | Killed Natasha
  4200 | D:5      | Entered Level 5 of the Dungeon
  4767 | D:5      | Found a staircase to the Ecumenical Temple.
  4777 | Temple   | Found a transporter.
  4777 | Temple   | Found a transporter.
  4777 | Temple   | Found a transporter.
  4777 | Temple   | Found a transporter.
  4777 | Temple   | Entered the Ecumenical Temple
  4793 | Temple   | Became a worshipper of Vehumet
  4936 | D:5      | Reached XP level 8. HP: 62/62 MP: 8/8
  5296 | D:6      | Reached skill level 7 in Unarmed Combat
  5365 | D:6      | HP: 2/62 [kobold brigand/+0 short sword (8)]
  5375 | D:6      | Reached skill level 1 in Spellcasting
  5935 | D:6      | Noticed a slime creature
  5935 | D:6      | Noticed a slime creature
  5950 | D:6      | Slain by a large slime creature

Illustrated notes

Levels and vault maps discovered:
D:1:      kennysheep_arrival_seaside, layout_rooms, serial_shops, shop,
          minmay_misc_feat_x, st_stairs_11, hangedman_decor_clover_reticule
D:2:      minmay_wonky_spiral, layout_basic, hellmonk_ecumenical_altar_blasted,
          uniq_jessica
D:3:      layout_basic, nicolae_shop_vocational
D:4:      layout_cave_pools, portal_sewer_entry_a, uniq_natasha, uniq_ijyb
D:5:      layout_loops_ring, lemuel_temple_firewalk_b
D:6:      cheibrodos_fertilizer, layout_rooms, st_stairs_4
Temple:   hellmonk_temple_divided_pantheon

Skill      XL: |  1  2  3  4  5  6  7  8 |
---------------+-------------------------+-----
Shapeshifting  | 4 5 |  5.9
Unarmed Combat | 4 5 6 7 |  7.2
Dodging        | 2 3 |  3.1
Stealth        | 1 2 |  2.8
Fighting       | 2 |  2.6
Evocations     | 1 2 |  2.9
Spellcasting   | 1 |  1.4
Throwing       | |  0.1

Action                     |  1- 3 |  4- 6 |  7- 9 || total
---------------------------+-------+-------+-------++-------
  Melee: Unarmed           |    84 |   233 |   132 ||   449
         Tailslap          |    10 |    20 |    18 ||    48
         Punch             |     3 |     6 |     6 ||    15
  Throw: Dart              |     4 |       |       ||     4
Ability: Caustic Breath    |       |       |     1 ||     1
  Evoke: Wand              |       |       |     3 ||     3
    Use: Scroll            |     5 |     5 |     5 ||    15
         Potion            |     2 |       |     7 ||     9
   Stab: Sleeping          |       |     2 |     7 ||     9
 Armour: Skin              |    45 |   126 |    93 ||   264
  Dodge: Dodged            |    42 |    98 |    83 ||   223
   Form: Beast             |       |     2 |       ||     2
         Flux              |       |     2 |       ||     2

Table legend: (Time is in decaauts)
 A = Elapsed time spent in this place.
 B = Non-inter-level travel time spent in this place.
 C = Inter-level travel time spent in this place.
 D = Time resting spent in this place.
 E = Time spent auto-exploring this place.
 F = Levels seen in this place.
 G = Mean time per level.
                   A        B        C        D        E       F      G
               +--------+--------+--------+--------+--------+-----+--------+
         Total |   6036 |   5815 |    221 |    836 |   3452 |   8 |  754.5 |
       Dungeon |   5005 |   4784 |    221 |    609 |   2893 |   6 |  834.2 |
        Temple |     32 |     32 |      0 |      0 |      0 |   1 |   32.0 |
         Sewer |    998 |    998 |      0 |    227 |    559 |   1 |  998.0 |
               +--------+--------+--------+--------+--------+-----+--------+

Top non-repeatable levels by time:
     D:2: 1104 daAuts
   Sewer: 998 daAuts
     D:3: 987 daAuts
     D:6: 923 daAuts
     D:5: 779 daAuts
     D:1: 706 daAuts
     D:4: 505 daAuts
  Temple: 32 daAuts
